 Dungeon Crawl Stone Soup version 0.25-a0-663-gace7076 (webtiles) character file.

Game seed: 13886578187388228020, levelgen mode: deterministic

476 Lindan9 the Charmwright (level 7, 0/56 HPs)
             Began as a Gnoll Skald on Mar 25, 2020.
             Slain by an orc priest
             ... wielding a +0 flail
              (1 damage)
             ... on level 4 of the Dungeon.
             The game lasted 00:16:50 (3460 turns).

Lindan9 the Charmwright (Gnoll Skald)               Turns: 3460, Time: 00:16:51

Health: 0/56       AC: 11    Str: 14    XL:     7   Next: 10%
Magic:  15/15      EV:  6    Int: 22    God:
Gold:   126        SH:  0    Dex: 15    Spells: 16/17 levels left

rFire    . . .     SeeInvis .   t - +2 spear (vorpal)
rCold    . . .     Gourm    .   (no shield)
rNeg     . . .     Faith    .   p - +0 plate armour
rPois    .         Spirit   .   j - +0 hat {Int+3}
rElec    .         Reflect  .   (no cloak)
rCorr    .         Harm     .   (no gloves)
MR       .....                  (no boots)
Stlth    ..........             (no amulet)
HPRegen  0.18/turn              c - ring of wizardry
MPRegen  0.14/turn              r - +3 ring of intelligence

@: no status effects
A: distributed training, fangs 1, strong nose
a: no special abilities


You were on level 4 of the Dungeon.
You were not hungry.

You visited 1 branch of the dungeon, and saw 5 of its levels.

You collected 126 gold pieces.

Inventory:

Hand Weapons
 a - a +1 spear
 q - a +0 morningstar
 t - a +2 vorpal spear (weapon)
Armour
 b - a +0 leather armour
 e - a +1 scale mail
 j - a +0 hat of intelligence (worn)
 p - a +0 plate armour (worn)
Jewellery
 c - a ring of wizardry (left hand)
 f - an uncursed ring of resist corrosion
 r - a +3 ring of intelligence (right hand)
 v - an uncursed amulet of magic regeneration {unknown}
Scrolls
 k - 2 scrolls of remove curse
 l - 2 scrolls of identify
 u - a scroll of teleportation {unknown}
Potions
 g - a potion of resistance {unknown}
 h - 2 potions of mutation
 i - a potion of berserk rage {unknown}
 m - a potion of curing {unknown}
 n - a potion of might {unknown}
 o - a potion of brilliance {unknown}
 s - a potion of degeneration {unknown}
Comestibles
 d - 5 rations


   Skills:
 + Level 5.1 Fighting
 + Level 2.2 Short Blades
 + Level 2.2 Long Blades
 + Level 2.2 Axes
 + Level 2.2 Maces & Flails
 + Level 5.1 Polearms
 + Level 2.2 Staves
 + Level 2.2 Slings
 + Level 2.2 Bows
 + Level 2.2 Crossbows
 + Level 2.2 Throwing
 + Level 3.4 Armour
 + Level 5.1 Dodging
 + Level 2.2 Stealth
 + Level 2.2 Shields
 + Level 2.2 Unarmed Combat
 + Level 5.5 Spellcasting
 + Level 1.8 Conjurations
 + Level 1.8 Hexes
 + Level 5.7 Charms
 + Level 1.8 Summonings
 + Level 1.8 Necromancy
 + Level 1.8 Translocations
 + Level 1.8 Transmutations
 + Level 1.8 Fire Magic
 + Level 1.8 Ice Magic
 + Level 1.8 Air Magic
 + Level 1.8 Earth Magic
 + Level 1.8 Poison Magic
 + Level 2.5 Invocations
 + Level 2.2 Evocations


You had 16 spell levels left.
You knew the following spells:

 Your Spells              Type           Power        Failure   Level  Hunger
a - Infusion              Chrm           ####         32%         1    None

Your spell library contained the following spells:

 Spells                   Type           Power        Failure   Level  Hunger
 Song of Slaying          Chrm           ####....     45%         2    None
 Shroud of Golubria       Chrm/Tloc      ###...       71%         2    None
 Ozocubu's Armour         Chrm/Ice       ###.....     89%         3    ##.....
 Spectral Weapon          Hex/Chrm       ###.....     89%         3    ##.....


Dungeon Overview and Level Annotations

Branches:
Dungeon (5/15)
 Temple: D:4-7

Altars:
Dithmenos
Fedhas
Qazlal
Trog
Xom
The Shining One


Innate Abilities, Weirdness & Mutations

Your experience applies equally to all skills.
You have very sharp teeth.
Your uncanny sense of smell can sniff out nearby items.


Message History

The adder bites you but does no damage.
You hit the ice beast.
You kill the ice beast!
You have reached level 7!
The orc hits you but does no damage. The adder bites you but does no damage.
You hit the orc. Your bite misses the orc.
The orc is almost dead.
The orc priest hits you with a +0 flail.
* * * LOW HITPOINT WARNING * * *
The orc hits you but does no damage. The adder bites you but does no damage.
You closely miss the orc.
The orc is almost dead.
The adder bites you.
* * * LOW HITPOINT WARNING * * *
The orc priest closely misses you. The orc hits you but does no damage.
You hit the orc but do no damage.
The orc is almost dead.
The adder closely misses you.
The orc priest hits you with a +0 flail.
You die...

######## ####.# .......# ##.##.##
...###.# ##########.#....#
##.###.### #.........###....
##.......# #.######.## ##...
######.#.# ##.## ##.###..#. #
#.#.# ##...## ##.#.#.##
######.#.# #..o..# ##.##.#
.......#.### #o@...# ####+##
########.#.## #.S...# ##...# #
##.....####...### ##..... ##
##...#.#.#####.#.## ##......
.####....#.##.####....####.......
.'.......................'.......
.####...##.##.####....####.......
####.###.#.#.## #(#.## ##...... #
#.## ##...## ###.### ##.....


You could see an orc priest, an adder and an orc.

Vanquished Creatures
  An ice beast (D:4)
  A bullfrog zombie (D:4)
  4 orc priests (D:4)
  3 orc wizards
  2 worker ants (D:4)
  2 adders (D:4)
  An ooze (D:4)
  An adder skeleton (D:4)
  4 dart slugs
  A leopard gecko (D:2)
  12 orcs
  A ball python (D:3)
  2 giant cockroaches
  2 goblins
  6 hobgoblins
  5 kobolds
  4 bats
  11 frilled lizards
  3 rats (D:1)
66 creatures vanquished.

Notes
Turn   | Place    | Note
-------+----------+-------------------------------------------
     0 | D:1      | Lindan9 the Gnoll Skald began the quest for the Orb.
     0 | D:1      | Reached XP level 1. HP: 20/20 MP: 6/6
   126 | D:1      | Reached XP level 2. HP: 25/26 MP: 7/7
   670 | D:2      | Reached XP level 3. HP: 31/31 MP: 9/9
   685 | D:2      | Reached skill level 5 in Spellcasting
  1165 | D:3      | Found a shadowy altar of Dithmenos.
  1432 | D:3      | Found a glowing golden altar of the Shining One.
  1595 | D:3      | Reached skill level 1 in Invocations
  1744 | D:3      | Reached skill level 1 in Short Blades
  1744 | D:3      | Reached skill level 1 in Long Blades
  1744 | D:3      | Reached skill level 1 in Axes
  1744 | D:3      | Reached skill level 1 in Maces & Flails
  1744 | D:3      | Reached skill level 1 in Staves
  1744 | D:3      | Reached skill level 1 in Slings
  1744 | D:3      | Reached skill level 1 in Bows
  1744 | D:3      | Reached skill level 1 in Crossbows
  1744 | D:3      | Reached skill level 1 in Throwing
  1744 | D:3      | Reached skill level 1 in Stealth
  1744 | D:3      | Reached skill level 1 in Shields
  1744 | D:3      | Reached skill level 1 in Unarmed Combat
  1744 | D:3      | Reached skill level 1 in Evocations
  1744 | D:3      | Reached XP level 4. HP: 26/38 MP: 11/11
  1959 | D:3      | Found a bloodstained altar of Trog.
  1959 | D:3      | Found a blossoming altar of Fedhas.
  1959 | D:3      | Found a stormy altar of Qazlal.
  1959 | D:3      | Found a shimmering altar of Xom.
  2191 | D:4      | Reached skill level 1 in Conjurations
  2191 | D:4      | Reached skill level 1 in Hexes
  2191 | D:4      | Reached skill level 1 in Summonings
  2191 | D:4      | Reached skill level 1 in Necromancy
  2191 | D:4      | Reached skill level 1 in Translocations
  2191 | D:4      | Reached skill level 1 in Transmutations
  2191 | D:4      | Reached skill level 1 in Fire Magic
  2191 | D:4      | Reached skill level 1 in Ice Magic
  2191 | D:4      | Reached skill level 1 in Air Magic
  2191 | D:4      | Reached skill level 1 in Earth Magic
  2191 | D:4      | Reached skill level 1 in Poison Magic
  2460 | D:4      | Reached XP level 5. HP: 43/43 MP: 12/12
  2811 | D:4      | Reached XP level 6. HP: 38/50 MP: 13/13
  3102 | D:4      | Reached skill level 5 in Fighting
  3102 | D:4      | Reached skill level 5 in Polearms
  3102 | D:4      | Reached skill level 5 in Dodging
  3435 | D:5      | Entered Level 5 of the Dungeon
  3435 | D:5      | Noticed an ice beast
  3457 | D:4      | Killed an ice beast
  3457 | D:4      | Reached XP level 7. HP: 4/56 MP: 15/15
  3459 | D:4      | HP: 1/56 [adder (2)]
  3460 | D:4      | Slain by an orc priest

Levels and vault maps discovered:
D:1:      minmay_arrival_radiant_lines, layout_basic
D:2:      layout_loops_cross
D:3:      layout_basic, nicolae_tso_carved_into_rock,
          grunt_temple_overflow_cloverleaf, first_ration,
          nicolae_dithmenos_shadow_blocks
D:4:      layout_loops_corners
D:5:      layout_cave_pools, nemelex_xobeh_ov_fountains_minmay, serial_shops,
          kennysheep_little_box, serial_column_ruins, column_ruins_open_small,
          column_ruins_open_tiny, column_ruins_open_small

Skill      XL: |  1  2  3  4  5  6 |
---------------+-------------------+-----
Spellcasting   | 5 |  5.5
Invocations    | 1 2 |  2.5
Short Blades   | 1 2 |  2.2
Long Blades    | 1 2 |  2.2
Axes           | 1 2 |  2.2
Maces & Flails | 1 2 |  2.2
Staves         | 1 2 |  2.2
Slings         | 1 2 |  2.2
Bows           | 1 2 |  2.2
Crossbows      | 1 2 |  2.2
Throwing       | 1 2 |  2.2
Stealth        | 1 2 |  2.2
Shields        | 1 2 |  2.2
Unarmed Combat | 1 2 |  2.2
Evocations     | 1 2 |  2.2
Conjurations   | 1 |  1.8
Hexes          | 1 |  1.8
Summonings     | 1 |  1.8
Necromancy     | 1 |  1.8
Translocations | 1 |  1.8
Transmutations | 1 |  1.8
Fire Magic     | 1 |  1.8
Ice Magic      | 1 |  1.8
Air Magic      | 1 |  1.8
Earth Magic    | 1 |  1.8
Poison Magic   | 1 |  1.8
Armour         | 3 |  3.4
Fighting       | 5 |  5.1
Polearms       | 5 |  5.1
Dodging        | 5 |  5.1
Charms         | |  5.7

Action                   |  1- 3 |  4- 6 |  7- 9 || total
-------------------------+-------+-------+-------++-------
Melee: Spear             |   143 |   112 |     3 ||   258
       Bite              |    10 |    14 |       ||    24
       Morningstar       |       |    19 |       ||    19
       Punch             |       |     3 |       ||     3
  Use: Scroll            |     6 |     2 |       ||     8
  Eat: Ration            |     1 |     2 |       ||     3
Armor: Scale mail        |    18 |       |       ||    18
       Plate armour      |    31 |   100 |     5 ||   136
Dodge: Dodged            |    47 |    33 |     2 ||    82

Table legend:
 A = Non-vault XP
 B = Vault XP
 C = Vault XP percentage of total XP
 D = Non-vault monster count
 E = Vault monster count
 F = Vault count percentage of total count
                 A         B        C        D         E       F
            +---------+---------+-------+---------+---------+-------
      Total |     681 |       0 |   0.0 |      66 |       0 |   0.0
            +---------+---------+-------+---------+---------+-------
        D:1 |      28 |       0 |   0.0 |      17 |       0 |   0.0
        D:2 |      19 |       0 |   0.0 |      12 |       0 |   0.0
        D:3 |      72 |       0 |   0.0 |      13 |       0 |   0.0
        D:4 |     562 |       0 |   0.0 |      24 |       0 |   0.0
            +---------+---------+-------+---------+---------+-------
